 Dungeon Crawl Stone Soup version 0.31.0-11-ge490571c62 (webtiles) character file.

Game seed: 13530842795082122240

16915 MisterFreud the Nimble (level 12, -12/93 HPs)
             Began as a Felid Berserker on Feb 2, 2024.
             Was an Elder of Trog.
             Mangled by an orc knight
             ... wielding a +0 glaive
              (24 damage)
             ... on level 11 of the Dungeon.
             The game lasted 00:17:32 (11434 turns).

MisterFreud the Nimble (Felid Berserker)           Turns: 11434, Time: 00:17:33

Health: -12/93     AC:  3    Str: 19    XL:     12   Next: 14%
Magic:  13/13      EV: 28    Int: 11    God:    Trog [****..]
Gold:   684        SH:  0    Dex: 21    Spells: 11/11 levels left
                                        Lives:  0   Deaths: 4

rFire   . .          .
                       - Unarmed
rCold   + . .        (shield unavailable)
rNeg    . . .        (body armour unavailable)
rPois   .            (helmet unavailable)
rElec   .            (cloak unavailable)
rCorr   .            (gloves unavailable)
SInv    +            (boots unavailable)
Will    +....        (no amulet) Stlth
                     q - +4 ring of slaying
HPRegen 0.35/turn    a - +6 ring of strength
MPRegen 0.13/turn

%: no passive effects
@: berserking, blade hands, studying Unarmed Combat, very quick
A: very small, (claws 1), fangs 3, see invisible, shaggy fur 3, (stealthy paws),
no weapons or thrown items, no armour, multi-lived
a: Begin Untransformation, Renounce Religion, Berserk, Trog's Hand, Brothers in
Arms


You were on level 11 of the Dungeon.
You worshipped Trog.
Trog was greatly pleased with you.
You had blades for front paws.
You visited 1 branch of the dungeon, and saw 11 of its levels.

You collected 774 gold pieces.
You spent 90 gold pieces at shops.

Inventory:

Jewellery
 a - a +6 ring of strength (right blade hand)
 l - a ring of protection from cold
 n - a ring of protection from fire
 q - a +4 ring of slaying (left blade hand)
 s - a ring of ice
Talismans
 j - a blade talisman (active)
 t - a talisman of death
Wands
 c - a wand of mindburst (17)
 h - a wand of acid (13)
 k - a wand of iceblast (7)
 o - a wand of digging (5)
Scrolls
 e - 4 scrolls of teleportation
 g - 3 scrolls of poison
 i - a scroll of blinking
 p - 2 scrolls of fear
 u - 4 scrolls of identify
 w - a scroll of vulnerability
Potions
 b - 2 potions of curing
 d - 2 potions of lignification
 f - 2 potions of mutation
 m - 2 potions of enlightenment
 r - a potion of might
 v - a potion of attraction


   Skills:
 + Level 6.5 Fighting
 + Level 12.4 Dodging
 + Level 10.7 Stealth
 + Level 10.7 Unarmed Combat
 - Level 5.0 Evocations
 - Level 10.0 Shapeshifting


You had 11 spell levels left.
You didn't know any spells.
Your spell library was empty.

Dungeon Overview and Level Annotations

Branches:
Dungeon (11/15)            Temple (0/1) D:4            Lair (0/5) D:11
    Orc (0/2) D:9

Altars:
Ashenzari
Cheibriados
Gozag
Hepliaklqana
Kikubaaqudgha
Makhleb
Ru
Sif Muna
Uskayaw
Vehumet
Wu Jian
Xom
Zin
The Shining One

Shops:
D:6 ?

Annotations:
D:4 2 transporters, doomedcactus's ghost, amateur DgSh


Innate Abilities, Weirdness & Mutations

You have blades for front paws.
((You have sharp claws.))
You have razor-sharp teeth.
You have supernaturally acute eyesight. (SInv)
Your thick and shaggy fur keeps you warm. (AC +3, rC+)
((Your paws help you pounce on unaware monsters.))
You are incapable of wielding weapons or throwing items.
You cannot wear armour.
You gain extra lives every three experience levels.


Message History

The orc knight roars a battlecry!
An orc comes into view. It is wielding a +0 club.
Things that are here:
a +0 orcbow; a +0 shortbow; a centaur corpse The centaur wields a +0 shortbow.
The centaur shoots an arrow.
The arrow misses you.
You slice the brown ugly thing!!
The brown ugly thing is heavily wounded.
The brown ugly thing misses you.
You slice the brown ugly thing!! You slash the brown ugly thing!
You kill the brown ugly thing!
Trog accepts your kill.
The orc knight roars a battlecry!
The orc goes into a battle-frenzy!
The centaur shoots an arrow.
The arrow barely misses you.
You slash the orc!
You kill the orc!
Trog accepts your kill.
You slice the centaur!!
You kill the centaur!
Trog accepts your kill.
The orc knight hits you from afar with a +0 glaive!!
* * * LOW HITPOINT WARNING * * *
A two-headed ogre comes into view.
It is wielding a +0 dire flail and a +0 giant club.
Unknown command.
The orc knight attacks as it pursues you!
The orc knight misses you.
Things that are here:
a death yak corpse; a death yak corpse; a death yak corpse The orc knight attacks as it pursues you!
The orc knight closely misses you.
A red film seems to cover your vision as you go berserk!
You feel yourself moving faster!
You feel mighty!
The orc knight hits you from afar with a +0 glaive!!
* * * LOW HITPOINT WARNING * * *
You feel a strong urge to attack something.
You slash the orc knight! You bite the orc knight!
The orc knight is moderately wounded.
The orc knight hits you with a +0 glaive!!
You die...

...............Y....####
......>.............#
....#...............#
...........###.....#
..........# #....# ..
#......# ....
....#......# .^.
..........## ...# #
..#####@### ...#.# #o.#
#...O.# ##.# ##......#
#†# #........ #.####)#
#.....## ###.)## #..##
#..##


You could see an orc knight.

Vanquished Creatures
  Harold (D:9)
  A boulder beetle (D:9)
  A two-headed ogre (D:10)
  Urug (D:11)
  6 death yaks
  2 ugly things
  A cyclops (D:11)
  A manticore (D:9)
  A komodo dragon (D:11)
  6 kobold demonologists (D:10)
  3 trolls
  Prince Ribbit (D:5)
  2 hornets
  Sigmund (D:3)
  A wraith (D:9)
  2 wyverns
  6 yaks
  A vampire mosquito (D:11)
  A steam dragon (D:9)
  Menkaure (D:6)
  A water moccasin (D:9)
  2 acid dragons (D:9)
  4 ice beasts
  7 orc warriors
  A sky beast (D:7)
  5 centaurs
  Blork the orc (D:5)
  5 kobold brigands
  4 bullfrogs
  A gnoll sergeant (D:9)
  3 scorpions
  8 wights
  5 killer bees (D:8)
  2 bombardier beetles
  3 howler monkeys
  2 jellies
  2 gnoll boudas
  3 hounds
  9 orc priests
  Jessica (D:2)
  4 iguanas
  12 orc wizards
  Natasha (thrice) (D:3)
  Robin (D:3)
  6 adders
  3 gnolls (D:8)
  2 ufetubi (D:6)
  2 dart slugs
  5 ribbon worms
  38 orcs
  12 endoplasms
  3 giant cockroaches
  13 hobgoblins
  27 kobolds
  3 quokkas
  8 ball pythons
  6 bats
  5 frilled lizards
  15 goblins
  3 rats
280 creatures vanquished.

Vanquished Creatures (others)
  An orc wizard (D:6)
  A ball python (D:3)
2 creatures vanquished.

Grand Total: 282 creatures vanquished

Notes
Turn   | Place    | Note
-------+----------+-------------------------------------------
     0 | D:1      | MisterFreud the Felid Berserker began the quest for the
                  | Orb.
     0 | D:1      | Reached XP level 1. HP: 12/12 MP: 2/2
   134 | D:1      | Reached XP level 2. HP: 16/16 MP: 3/3
   805 | D:2      | Reached XP level 3. HP: 17/20 MP: 4/4
   827 | D:2      | Reached ** piety under Trog
   828 | D:2      | Reached skill level 1 in Stealth
   901 | D:2      | Found an ornate altar of the Wu Jian Council.
  1225 | D:2      | Noticed Jessica
  1238 | D:1      | Reached XP level 4. HP: 14/24 MP: 5/5
  1238 | D:1      | Gained a life (2 lives remaining)
  1303 | D:2      | Killed Jessica
  1509 | D:3      | Reached XP level 5. HP: 28/28 MP: 6/6
  1546 | D:3      | Noticed Robin
  1569 | D:3      | Noticed Natasha
  1571 | D:3      | Killed Natasha
  1795 | D:3      | Noticed Sigmund
  1796 | D:3      | Noticed Natasha
  1807 | D:3      | Mangled by Sigmund
  1807 | D:3      | Lost a life (1 life remaining)
  1982 | D:3      | Killed Robin
  2070 | D:3      | Found a glowing golden altar of the Shining One.
  2262 | D:3      | Killed Sigmund
  2263 | D:3      | Reached skill level 5 in Stealth
  2263 | D:3      | Reached skill level 5 in Unarmed Combat
  2263 | D:3      | Gained mutation: You are covered in thick fur. (AC +2)
                  | [Felid growth]
  2263 | D:3      | Reached XP level 6. HP: 32/32 MP: 7/7
  2369 | D:3      | Killed Natasha
  2414 | D:3      | Noticed Natasha
  2420 | D:3      | Killed Natasha
  2762 | D:4      | Reached skill level 5 in Dodging
  2925 | D:4      | Reached XP level 7. HP: 36/36 MP: 8/8
  2925 | D:4      | Gained a life (2 lives remaining)
  3019 | D:4      | Found a staircase to the Ecumenical Temple.
  3141 | D:4      | Found a transporter.
  3152 | D:4      | Noticed doomedcactus's ghost (amateur DgSh)
  3200 | D:4      | Found a transporter.
  3348 | D:4      | Found a hide-covered altar of Uskayaw.
  3358 | D:4      | Found a shimmering altar of Xom.
  3400 | D:4      | Reached skill level 6 in Dodging
  3587 | D:5      | Entered Level 5 of the Dungeon
  3597 | D:5      | Reached *** piety under Trog
  3621 | D:5      | Found a radiant altar of Vehumet.
  3621 | D:5      | Found an ancient bone altar of Kikubaaqudgha.
  3622 | D:5      | Found a shimmering blue altar of Sif Muna.
  3639 | D:5      | Reached skill level 7 in Dodging
  3708 | D:5      | Noticed Prince Ribbit
  3723 | D:5      | Slain by Prince Ribbit
  3723 | D:5      | Lost a life (1 life remaining)
  3746 | D:5      | Killed Prince Ribbit
  3747 | D:5      | Reached skill level 8 in Dodging
  3788 | D:5      | Reached XP level 8. HP: 38/40 MP: 9/9
  3895 | D:5      | Reached skill level 9 in Dodging
  4065 | D:5      | Noticed Blork the orc
  4076 | D:5      | Killed Blork the orc
  4077 | D:5      | Reached skill level 10 in Dodging
  4302 | D:6      | Reached skill level 1 in Shapeshifting
  4664 | D:6      | Noticed Menkaure
  4672 | D:6      | Killed Menkaure
  5194 | D:6      | Found a broken altar of Ashenzari.
  5194 | D:6      | Found a glowing silver altar of Zin.
  5411 | D:6      | Reached XP level 9. HP: 41/46 MP: 10/10
  5603 | D:6      | Found Qoeche's Magic Scroll Shoppe.
  5606 | D:6      | Bought a scroll of blinking for 90 gold pieces
  6309 | D:7      | Identified a scroll of acquirement
  6309 | D:7      | Acquired a manual of Unarmed Combat
  6811 | D:8      | Reached skill level 5 in Fighting
  7250 | D:8      | Reached **** piety under Trog
  7415 | D:8      | Reached skill level 5 in Shapeshifting
  7516 | D:8      | HP: 3/70 [poisoned by an orc warrior]
  7516 | D:8      | Killed from afar by an orc wizard
  7516 | D:8      | Lost a life (0 lives remaining)
  7603 | D:9      | Noticed a boulder beetle
  7912 | D:9      | Noticed a troll
  7915 | D:9      | Noticed a troll
  8048 | D:9      | Found a staircase to the Orcish Mines.
  8059 | D:9      | Noticed Harold
  8124 | D:9      | Reached XP level 10. HP: 50/53 MP: 11/11
  8124 | D:9      | Gained a life (1 life remaining)
  8249 | D:9      | Killed Harold
  8308 | D:9      | Noticed a manticore
  8515 | D:9      | Reached skill level 10 in Stealth
  8540 | D:9      | Identified the +1 robe of Bad Feelings {Will+ rCorr Int-5
                  | Archmagi}
  8776 | D:9      | Noticed a white ugly thing
  8999 | D:9      | Killed a white ugly thing
  9427 | D:9      | Killed a boulder beetle
  9428 | D:9      | Reached XP level 11. HP: 19/56 MP: 12/12
  9786 | D:10     | Entered Level 10 of the Dungeon
  9845 | D:10     | Noticed a sun demon
  9846 | D:10     | Noticed a soul eater
  9998 | D:10     | Noticed a two-headed ogre
 10011 | D:10     | Killed a two-headed ogre
 10238 | D:10     | Found a hazy altar of Hepliaklqana.
 10522 | D:10     | Reached skill level 10 in Shapeshifting
 10531 | D:10     | Noticed a sun demon
 10534 | D:10     | Reached skill level 1 in Evocations
 10625 | D:10     | Reached skill level 10 in Unarmed Combat
 10637 | D:10     | Noticed a sun demon
 10819 | D:10     | Found a sacrificial altar of Ru.
 10819 | D:10     | Found a burning altar of Makhleb.
 10881 | D:10     | Found an opulent altar of Gozag.
 10886 | D:10     | Found a snail-covered altar of Cheibriados.
 11066 | D:11     | Noticed a death yak
 11068 | D:11     | Noticed a death yak
 11068 | D:11     | Noticed a death yak
 11068 | D:11     | Noticed a death yak
 11069 | D:11     | Noticed a death yak
 11071 | D:11     | Noticed a death yak
 11078 | D:10     | Killed a death yak
 11079 | D:10     | Reached skill level 11 in Dodging
 11174 | D:11     | Noticed Urug
 11187 | D:11     | Killed Urug
 11228 | D:11     | Killed from afar by an acid dragon
 11228 | D:11     | Lost a life (0 lives remaining)
 11229 | D:11     | Found a staircase to the Lair.
 11246 | D:11     | Killed a death yak
 11266 | D:11     | Killed a death yak
 11267 | D:11     | Reached skill level 12 in Dodging
 11267 | D:11     | Reached skill level 5 in Evocations
 11272 | D:11     | Killed a death yak
 11276 | D:11     | Killed a death yak
 11277 | D:11     | Gained mutation: Your thick and shaggy fur keeps you warm.
                  | (AC +3, rC+) [Felid growth]
 11277 | D:11     | Reached XP level 12. HP: 61/61 MP: 13/13
 11280 | D:11     | Killed a death yak
 11422 | D:11     | Noticed a two-headed ogre
 11434 | D:11     | Mangled by an orc knight

Illustrated notes

Levels and vault maps discovered:
D:1:      dpeg_arrival_lava_temple_mockup, layout_loops_cross, minmay_ruptured
D:2:      layout_rooms, basic_altar, minmay_heptomino_l4, uniq_jessica
D:3:      layout_basic, mainiacjoe_overflow_six_doors_small,
          kennysheep_generic_room_13, uniq_sigmund, uniq_natasha, uniq_robin
D:4:      layout_cave_pools, jmf_multi_god_temple2,
          minmay_temple_entry_gardened_gates, gammafunk_ghost_gnarly_gnolls,
          wad_rectangle_vault
D:5:      layout_cave_pools, grunt_temple_overflow_magic_moments,
          uniq_prince_ribbit1, uniq_blork_the_orc
D:6:      layout_basic, amethyst_overflow_temple_binary, serial_shops,
          nicolae_shop_rolled_up, roderic_serpentine_path, st_stairs_12,
          uniq_menkaure
D:7:      layout_gridville
D:8:      layout_loops_ring
D:9:      cheibrodos_fzero, layout_cave_pools, orc_0_dummy, serial_bayou_pond_e,
          minmay_crystal_water, uniq_harold
D:10:     layout_loops_ring, worldfamousw_hep_ancestral_shrine,
          gammafunk_temple_overflow_wave,
          chequers_temple_overflow_statue_of_worship
D:11:     minmay_the_grid_net [minmay_the_grid_expand, minmay_the_grid_garden,
          minmay_the_grid_aliased_spiral, minmay_the_grid_outer_circle,
          minmay_the_grid_slots, minmay_the_grid_prize_shrinking_boxes],
          layout_layer_cave, dpeg_lair_monsters, uniq_urug

Skill      XL: |  1  2  3  4  5  6  7  8  9 10 11 |
---------------+----------------------------------+-----
Stealth        | 2 3 5 6 7 9 10 | 10.7
Unarmed Combat | 4 5 6 8 9 10 | 10.7
Dodging        | 5 8 10 12 | 12.4
Shapeshifting  | 3 5 8 10 | 10.0
Fighting       | 4 5 6 |  6.5
Evocations     | 5 |  5.0

Action                     |  1- 3 |  4- 6 |  7- 9 | 10-12 || total
---------------------------+-------+-------+-------+-------++-------
  Melee: Unarmed           |    94 |   101 |   323 |   286 ||   804
         Bite              |     5 |     6 |    48 |    40 ||    99
         Punch             |       |     5 |    13 |    22 ||    40
 Invoke: Berserk           |     2 |     7 |    13 |     7 ||    29
         Trog's Hand       |       |     3 |     6 |     5 ||    14
  Evoke: Wand              |       |       |     1 |       ||     1
    Use: Scroll            |     3 |     6 |    12 |     1 ||    22
         Potion            |       |     1 |     1 |     1 ||     3
   Stab: Sleeping          |     2 |     6 |    15 |       ||    23
         Distracted        |       |     1 |       |     2 ||     3
 Armour: Skin              |    31 |    48 |    83 |    88 ||   250
  Dodge: Dodged            |    82 |   113 |   311 |   254 ||   760
   Form: Blade             |       |       |       |     1 ||     1
